 Dungeon Crawl Stone Soup version 0.18-a0-1390-gc02854d (webtiles) character file.

128 Azzok the Sneak (level 4, 0/21 HPs)
             Began as a Spriggan Enchanter on Feb 22, 2016.
             Succumbed to an orc's poison
             ... on level 2 of the Dungeon.
             The game lasted 00:06:50 (2415 turns).

Azzok the Sneak (Spriggan Enchanter)                Turns: 2415, Time: 00:06:51

Health: 0/21       AC:  3    Str:  4    XL:     4   Next: 86%
Magic:  2/9        EV: 18    Int: 16    God:
Gold:   86         SH:  0    Dex: 17    Spells: 2 memorised, 5 levels left

rFire  + . .     SeeInvis +     a - +1 dagger
rCold  + . .     Gourm    .     b - +1 robe
rNeg   . . .     Faith    .     (shield restricted)
rPois  +         Spirit   .     (helmet restricted)
rElec  +         Dismiss  .     (no cloak)
rCorr  +         Reflect  .     (gloves unavailable)
SustAt .         Harm     .     (boots unavailable)
MR     .....                    (no amulet)
Stlth  ++++......               (no ring)
                                (no ring)

@: lethally poisoned (0 -> -12), resistant, flying, very slightly contaminated,
very quick, not resistant to hostile enchantments, stealthy
A: unfitting armour, see invisible, herbivore 3, speed 3, slow metabolism 2
a: no special abilities


You were on level 2 of the Dungeon.
You were full.

You visited 1 branch of the dungeon, and saw 3 of its levels.

You collected 86 gold pieces.

Inventory:

Hand Weapons
 a - a +1 dagger (weapon)
Armour
 b - a +1 robe (worn)
Scrolls
 e - 2 scrolls of enchant weapon {unknown}
 f - 2 scrolls of immolation {unknown}
 g - a scroll of blinking {unknown}
 i - 3 scrolls of identify {unknown}
 j - 2 scrolls of recharging {unknown}
 k - a scroll of noise {unknown}
 l - 3 scrolls of remove curse {unknown}
 n - a scroll of amnesia {unknown}
Books
 c - a book of Maledictions

   Spells                             Type                      Level
   a - Corona                         Hexes                        1
   b - Ensorcelled Hibernation        Hexes/Ice                    2
   c - Confuse                        Hexes                        3
   d - Tukima's Dance                 Hexes                        3
   e - Dazzling Spray                 Conjuration/Hexes            3
Comestibles
 d - 2 bread rations


   Skills:
 + Level 3.5 Short Blades
 - Level 3.0 Dodging
 * Level 7.0 Stealth
 - Level 2.6 Spellcasting
 - Level 3.6 Hexes


You had 5 spell levels left.
You knew the following spells:

 Your Spells              Type           Power        Failure   Level  Hunger
a - Corona                Hex            ##.....      6%          1    #......
b - Ensorcelled Hibernat  Hex/Ice        #.....       17%         2    ##.....


Dungeon Overview and Level Annotations

Branches:
Dungeon (3/15)

Altars:


Innate Abilities, Weirdness & Mutations

You are tiny and cannot use many weapons and most armour.
You have supernaturally acute eyesight.
You are an herbivore.
You cover ground extremely quickly.
You need consume almost no food.


Message History

The helpless orc fails to defend itself.
You spit the orc like a pig!!!
You kill the orc!
* * * LOW HITPOINT WARNING * * *
You feel sick.
There is a lethal amount of poison in your body!
Drink which item? (? for menu, Esc to quit)
It was a potion of flight.
You feel very buoyant.
You fly up into the air.
* * * LOW HITPOINT WARNING * * *
You feel sick.
Drink which item? (? for menu, Esc to quit)
It was a potion of resistance.
You feel protected.
* * * LOW HITPOINT WARNING * * *
You feel sick.
There is a lethal amount of poison in your body!
There is a lethal amount of poison in your body!
You die...

....')[#...# ###.##........###
....#..#...###...............#
.#..####P............####.##.#
##........####............##.#
##........# #............##.####
####.###..# #.......#...........
..###.#.#.#########..##...>......
#................†........#..####
..#####.#.##....@)>......##..#
### #.#.#########..........# #
#.#.##### ##......###.# #
#.#.....####.......###.#
#.#####.......(..(..(..#### #.#
######...###........< #.# ##.##
########## #.###########.#
#.............#


There were no monsters in sight!

Vanquished Creatures
  Jessica (D:2)
  Robin (D:2)
  2 adders (D:2)
  An ooze (D:2)
  A worm (D:2)
  2 dart slugs (D:2)
  2 giant geckos (D:2)
  An orc (D:2)
  3 giant cockroaches
  15 goblins
  5 hobgoblins
  3 jackals (D:2)
  8 kobolds
  A ball python (D:2)
  5 bats
  3 rats (D:2)
54 creatures vanquished.

Notes
Turn   | Place    | Note
--------------------------------------------------------------
     0 | D:1      | Azzok the Spriggan Enchanter began the quest for the Orb.
     0 | D:1      | Reached XP level 1. HP: 9/9 MP: 5/5
   242 | D:1      | Reached skill level 5 in Stealth
   250 | D:1      | Reached XP level 2. HP: 8/13 MP: 4/6
   257 | D:1      | Learned a level 2 spell: Ensorcelled Hibernation
  1335 | D:2      | Reached XP level 3. HP: 16/16 MP: 8/8
  1450 | D:2      | Reached skill level 6 in Stealth
  1720 | D:2      | Noticed Jessica
  1727 | D:2      | Killed Jessica
  1727 | D:2      | Reached XP level 4. HP: 21/21 MP: 9/9
  1947 | D:2      | Noticed Robin
  1997 | D:2      | Killed Robin
  1997 | D:2      | Reached skill level 7 in Stealth
  2414 | D:2      | HP: 1/21 [poisoned by an orc]
  2415 | D:2      | Succumbed to an orc's poison

Vault maps used:
D:1:      dpeg_arrival_central, minmay_door_square
D:2:      kennysheep_donut, corexii_shack, uniq_jessica, uniq_robin
D:3:      nicolae_overflow_crystal_walls, kennysheep_generic_room_7

Skill      XL: |  1  2  3  4 |
---------------+-------------+-----
Stealth        | 5 6 7 |  7.0
Short Blades   | 2 3 |  3.5
Dodging        | |  3.0
Spellcasting   | |  2.6
Hexes          | |  3.6

Action                   |  1- 3 |  4- 6 || total
-------------------------+-------+-------++-------
Melee: Dagger            |    77 |    66 ||   143
 Cast: Corona            |     4 |       ||     4
       Ensorcelled Hiber |    17 |    14 ||    31
  Use: Potion            |       |     2 ||     2
 Stab: Sleeping          |    21 |    12 ||    33
  Eat: Bread ration      |       |     1 ||     1
